 Dungeon Crawl Stone Soup version 0.30-a0-596-g0af90f9a20 (webtiles) character file.

Game seed: 14320007931546663086

2708 sokol815 the Cleaver (level 9, -4/56 HPs)
             Began as an Octopode Fighter on Jan 7, 2023.
             Was an Initiate of Gozag.
             Slain by a wraith (12 damage)
             ... in an ossuary.
             The game lasted 00:13:17 (7579 turns).

sokol815 the Cleaver (Octopode Fighter)             Turns: 7579, Time: 00:13:18

Health: -4/56      AC:  1    Str: 16    XL:     9   Next: 66%
Magic:  13/15      EV: 13    Int: 14    God:    Gozag
Gold:   1083       SH:  5    Dex: 11    Spells: 13/16 levels left

rFire   . . .      SeeInvis .    b - +2 war axe
rCold   . . .      Faith    .    g - +1 buckler
rNeg    . . .      Spirit   .    (helmet restricted)
rPois   .          Reflect  .    (no amulet)
rElec   .          Harm     .    Z - ring of wizardry {Wiz+, !d}
rCorr   .          Rampage  .    (no ring)
Will    .....                    (no ring)
Stlth   ++                       (no ring)
HPRegen 0.29/turn                (no ring)
MPRegen 0.14/turn                (no ring)
                                 (no ring)
                                 (no ring)

@: slowed, very slow
A: almost no armour, amphibious, 8 rings, camouflage 1, gelatinous body 1,
(nimble swimmer 1), tentacles
a: Renounce Religion, Potion Petition, Call Merchant, Bribe Branch


You were in an ossuary.
You worshipped Gozag.
Gozag was most pleased with you.
You visited 1 branch of the dungeon, and saw 7 of its levels.
You also visited: Ossuary.

You collected 1118 gold pieces.
You paid 35 gold pieces to Gozag.

Inventory:

Hand Weapons
 a - a +0 mace of protection
   (You took it off an orc on level 5 of the Dungeon)
 b - a +2 war axe (weapon)
 e - a +0 dagger
   (You took it off a kobold on level 1 of the Dungeon)
 h - a +0 heavy mace
   (You found it on level 5 of the Dungeon)
Missiles
 d - 6 curare-tipped darts
 f - 5 poisoned darts
 i - 11 boomerangs
 l - 4 atropa-tipped darts
Armour
 g - a +1 buckler (worn)
Magical Staves
 k - a staff of air {rElec}
   (You found it on level 6 of the Dungeon)
Jewellery
 Z - a ring of wizardry (left tentacle) {Wiz+, !d}
   (You found it on level 5 of the Dungeon)
Wands
 p - a wand of paralysis (5)
   (You took it off a gnoll on level 4 of the Dungeon)
 q - a wand of flame (21)
   (You found it on level 5 of the Dungeon)
Scrolls
 c - 2 scrolls of identify {@r1}
 j - 4 scrolls of amnesia
 o - a scroll of poison {unknown}
 E - a scroll of fear
 K - 5 scrolls of immolation {!r}
 Y - 3 scrolls of teleportation {@r3}
Potions
 m - a potion of cancellation {unknown}
 n - a potion of attraction {unknown}
 G - a potion of ambrosia {!q}
 H - 3 potions of haste
 J - 6 potions of curing {@q1}
 L - a potion of flight
 M - a potion of might
 N - 3 potions of heal wounds {@q2}
 P - a potion of lignification {!q}
 R - 2 potions of resistance
 T - a potion of berserk rage {!q}
 U - a potion of mutation {!q}


   Skills:
 - Level 3.0 Fighting
 + Level 9.2 Axes
 - Level 3.0 Dodging
 - Level 3.0 Shields
 - Level 4.0 Spellcasting
 - Level 8.0 Ice Magic


You had 13 spell levels left.
You knew the following spells:

 Your Spells              Type           Power      Damage    Failure   Level
a - Frozen Ramparts       Ice            50%        1d8       1%          3

Your spell library contained the following spells:

 Spells                   Type           Power      Damage    Failure   Level
 Cigotuvi's Dreadful Rot  Necr/Pois/Air  4%         N/A       16%         2
 Ice Form                 Ice/Tmut       14%        N/A       19%         4
 Summon Ice Beast         Ice/Summ       14%        N/A       19%         4
 Gell's Gravitas          Tloc           2%         N/A       28%         3
 Teleport Other           Tloc           2%         N/A       28%         3
 Dispel Undead            Necr           2%         3d7       65%         4
 Death Channel            Necr           1%         N/A       100%        6
 Dispersal                Tloc           1%         N/A       100%        6


Dungeon Overview and Level Annotations

Branches:
Dungeon (7/15) Zot: 26977  Temple (0/1) D:4         Ossuary (1/1) Zot: 5817

Altars:
Gozag
Kikubaaqudgha
Qazlal
Vehumet
Yredelemnul

Annotations:
D:5 exclusion: wraith
D:6 Sigmund


Innate Abilities, Weirdness & Mutations

You cannot wear most types of armour.
You are amphibious.
You can wear up to eight rings at the same time.
Your skin changes colour to match your surroundings (Stealth+).
Your rubbery body absorbs attacks. (AC +1, EV +1)
((You are camouflaged when in or above water. (Stealth+)))
You have tentacles for arms and can constrict up to eight enemies at once.


Message History

Your grab misses the orc skeleton. You hit the orc skeleton.
The orc skeleton hits you. You block the orc skeleton's attack.
You take 1 damage, and have 55/56 hp.
You barely miss the orc skeleton. Your grab misses the orc skeleton.
You squeeze the orc skeleton.
You destroy the orc skeleton!
You hit the orc skeleton. You block the orc skeleton's attack.
You slash the orc skeleton!
You destroy the orc skeleton!
Health restored: 56 No target in view!
You now have 1049 gold pieces (gained 9).
You now have 1053 gold pieces (gained 4).
You now have 1057 gold pieces (gained 4).
You now have 1063 gold pieces (gained 6).
An orc skeleton and a gnoll skeleton come into view.
Found a gate leading back out of this place.
A gnoll skeleton and a kobold skeleton come into view.
You barely miss the gnoll skeleton. You grab the gnoll skeleton.
You constrict the gnoll skeleton. The gnoll skeleton barely misses you.
You slash the gnoll skeleton! You squeeze the gnoll skeleton.
You destroy the gnoll skeleton!
You slash the gnoll skeleton! You grab the gnoll skeleton.
You constrict the gnoll skeleton.
You destroy the gnoll skeleton!
You slash the orc skeleton!
You destroy the orc skeleton!
The kobold skeleton is distracted by your dazzling golden aura.
You see here 9 gold pieces.
You hit the kobold skeleton.
The kobold skeleton is no longer distracted by gold.
You grab the kobold skeleton. You constrict the kobold skeleton.
The kobold skeleton closely misses you.
You hit the kobold skeleton. You constrict the kobold skeleton.
You destroy the kobold skeleton!
No target in view!
You now have 1072 gold pieces (gained 9).
You now have 1078 gold pieces (gained 6).
You now have 1083 gold pieces (gained 5).
You open the door.
There is an open door here.
A wraith opens the door.
The wraith closely misses you.
There is an open door here.
You hit the wraith. The wraith hits you!
You take 7 damage, and have 49/56 hp.
You slash the wraith! The wraith barely misses you.
You hit the wraith but do no damage. You block the wraith's attack.
You hit the wraith. Your squeeze misses the wraith. The wraith hits you!
The wraith drains your vigour!
You feel yourself slow down.
You take 9 damage, and have 40/56 hp.
You barely miss the wraith.
You squeeze the wraith, but do no damage.
You block the wraith's attack. The wraith hits you.
The wraith drains your vigour!
You feel as though you will be slow longer.
You take 1 damage, and have 39/56 hp.
You hit the wraith but do no damage. The wraith barely misses you.
You block the wraith's attack.
You hit the wraith. Your squeeze misses the wraith.
You block the wraith's attack.
You barely miss the wraith. Your squeeze misses the wraith.
The wraith hits you. The wraith hits you!
You take 17 damage, and have 23/56 hp.
MASSIVE DAMAGE!!
Here: a wraith (heavily damaged)
The floor.
An open door, spattered with blood.
The walls around you are covered in ice.
The wall freezes the wraith but does no damage.
The wraith barely misses you.
You now have 12/15 mp.
You completely miss the wraith.
The wall freezes the wraith but does no damage.
The wraith barely misses you.
The wall freezes the wraith but does no damage.
The wraith hits you!
* * * LOW HITPOINT WARNING * * *
You take 12 damage, and have 11/56 hp.
MASSIVE DAMAGE!!
You feel much better.
The wraith resists.
The wall freezes the wraith.
The wraith barely misses you.
You regained 25 hp, and now have 36/56 hp.
You closely miss the wraith.
The wall freezes the wraith but does no damage.
The wraith hits you! The wraith drains your vigour!
You feel as though you will be slow longer.
The wraith completely resists.
The wall freezes the wraith but does no damage.
The wraith hits you!
You take 18 damage, and have 18/56 hp.
MASSIVE DAMAGE!!
You barely miss the wraith.
You squeeze the wraith, but do no damage.
The frozen ramparts melt away.
The wraith hits you!
* * * LOW HITPOINT WARNING * * *
The wraith hits you!
You die...
Your body crumbles into a pile of gold.

############
#...........
#.∩........
#.......#####+#
#......##......
#.....##...#####.
#....##...##...##
#....#...##...?.#
#....'...@W!!!!?.
#....#...##.!?!.#
#....##...##...##
#.....##...#####.
#......##....
#.......#####+#####.
#.∩.................
#...................
############'''####


You could see a wraith.

Vanquished Creatures
  Maggie (D:6)
  A wyvern (D:6)
  An ice beast (D:5)
  An orc warrior (D:6)
  A black bear (D:6)
  2 ogres
  2 centaurs (D:6)
  2 phantoms (D:5)
  2 kobold brigands (D:5)
  A bullfrog (D:6)
  2 necrophages
  5 scorpions
  2 jellies (D:6)
  2 howler monkeys
  3 hounds
  4 orc priests
  3 iguanas (D:6)
  6 orc wizards
  A mummy (Ossuary)
  4 gnolls
  14 adders
  An ufetubus (D:6)
  6 worms
  2 dart slugs
  16 orcs
  4 ball pythons
  7 endoplasms
  4 giant cockroaches (D:1)
  6 goblins
  11 hobgoblins
  3 jackals (D:3)
  4 quokkas
  6 bats
  4 frilled lizards
  2 gnoll skeletons (Ossuary)
  13 kobolds
  5 kobold skeletons (Ossuary)
  10 orc skeletons (Ossuary)
  6 rats
  A butterfly (D:4)
171 creatures vanquished.

Notes
Turn   | Place    | Note
-------+----------+-------------------------------------------
     0 | D:1      | sokol815 the Octopode Fighter began the quest for the Orb.
     0 | D:1      | Reached XP level 1. HP: 16/16 MP: 1/1
    65 | D:1      | Reached XP level 2. HP: 20/21 MP: 2/2
   173 | D:1      | Reached skill level 3 in Axes
   396 | D:1      | Reached XP level 3. HP: 26/26 MP: 3/3
  1025 | D:2      | Reached skill level 4 in Axes
  1025 | D:2      | HP: 5/26 [poisoned by an adder]
  1046 | D:2      | Reached XP level 4. HP: 29/31 MP: 4/4
  1097 | D:2      | Found a radiant altar of Vehumet.
  1650 | D:3      | Reached skill level 5 in Axes
  1650 | D:3      | Reached XP level 5. HP: 24/36 MP: 5/5
  1794 | D:3      | Found a basalt altar of Yredelemnul.
  1796 | D:3      | Found an ancient bone altar of Kikubaaqudgha.
  1796 | D:3      | Found an opulent altar of Gozag.
  1808 | D:3      | Became a worshipper of Gozag Ym Sagoz the Greedy
  2669 | D:4      | Reached skill level 6 in Axes
  2669 | D:4      | Reached XP level 6. HP: 16/42 MP: 6/6
  2868 | D:4      | Learned a level 3 spell: Frozen Ramparts
  2992 | D:4      | Found a staircase to the Ecumenical Temple.
  2997 | D:4      | Paralysed by a gnoll for 5 turns
  3005 | D:4      | HP: 6/42 [gnoll/+0 club (5)]
  3006 | D:4      | Reached skill level 1 in Ice Magic
  3249 | D:4      | Reached skill level 1 in Spellcasting
  3249 | D:4      | Reached skill level 2 in Ice Magic
  3534 | D:5      | Entered Level 5 of the Dungeon
  3609 | D:5      | Reached XP level 7. HP: 37/46 MP: 7/9
  3693 | D:4      | HP: 10/46 [ogre/+0 giant spiked club (36)]
  3697 | D:4      | Reached skill level 3 in Ice Magic
  3944 | D:5      | Reached skill level 2 in Spellcasting
  4307 | D:5      | Reached skill level 4 in Ice Magic
  4360 | D:5      | Reached XP level 8. HP: 48/52 MP: 10/12
  4400 | D:5      | Reached skill level 7 in Axes
  4557 | D:5      | Reached skill level 3 in Spellcasting
  4764 | D:5      | Reached skill level 5 in Ice Magic
  5047 | D:5      | Noticed a wraith
  5231 | D:5      | Found a stormy altar of Qazlal.
  5525 | D:6      | Reached skill level 6 in Ice Magic
  5663 | D:6      | Noticed a wyvern
  5682 | D:6      | Killed a wyvern
  5683 | D:6      | Reached skill level 8 in Axes
  5683 | D:6      | Reached XP level 9. HP: 30/56 MP: 5/14
  5686 | D:6      | Reached skill level 4 in Spellcasting
  5853 | D:6      | Reached skill level 7 in Ice Magic
  6145 | D:6      | Noticed Sigmund
  6441 | D:6      | Noticed Maggie
  6450 | D:6      | HP: 6/56 [Maggie/+0 halberd (9)]
  6451 | D:6      | Killed Maggie
  6782 | D:6      | Reached skill level 9 in Axes
  7107 | D:6      | Reached skill level 8 in Ice Magic
  7394 | D:7      | Found a sand-covered staircase.
  7404 | Ossuary  | Entered an ossuary
  7576 | Ossuary  | HP: 11/56 [wraith (13)]
  7579 | Ossuary  | Slain by a wraith

Illustrated notes

Levels and vault maps discovered:
D:1:      minmay_arrival_shoal_huts, layout_loops_corners
D:2:      layout_loops_ring, basic_altar, chequers_serial_rivers_micro_a
D:3:      layout_basic, chequers_temple_overflow_statue_of_worship
D:4:      layout_loops_ring, minmay_temple_entry_butterflies
D:5:      cheibrodos_thug_alley, layout_basic, lemuel_crystal_altar,
          minmay_joined_circles
D:6:      minmay_bubble_buster, layout_loops_corners, sigmund_army,
          uniq_sigmund, uniq_maggie
D:7:      layout_basic, nzn_hepliaklqana_mist_gate, enter_ossuary_1, uniq_joseph
Ossuary:  ossuary_due_mausoleum

Skill      XL: |  1  2  3  4  5  6  7  8  9 |
---------------+----------------------------+-----
Axes           | 3 4 5 6 8 9 |  9.2
Ice Magic      | 2 4 6 8 |  8.0
Spellcasting   | 1 2 3 4 |  4.0
Fighting       | |  3.0
Dodging        | |  3.0
Shields        | |  3.0

Action                   |  1- 3 |  4- 6 |  7- 9 || total
-------------------------+-------+-------+-------++-------
Melee: War axe           |    60 |   114 |   109 ||   283
       Constrict         |    17 |    25 |    41 ||    83
       Tentacles         |    11 |    11 |    54 ||    76
       Punch             |     2 |       |     2 ||     4
       Mace              |       |       |    86 ||    86
Throw: Stone             |       |    22 |     6 ||    28
 Cast: Frozen Ramparts   |       |       |    13 ||    13
  Use: Potion            |     1 |     1 |     3 ||     5
       Scroll            |       |    12 |     9 ||    21
 Stab: Sleeping          |    10 |    10 |     4 ||    24
Armor: Skin              |     4 |     8 |    28 ||    40
Dodge: Dodged            |    33 |    53 |    91 ||   177
Block: Buckler           |    10 |    20 |    36 ||    66

Table legend: (Time is in decaauts)
 A = Elapsed time spent in this place.
 B = Non-inter-level travel time spent in this place.
 C = Inter-level travel time spent in this place.
 D = Time resting spent in this place.
 E = Time spent auto-exploring this place.
 F = Levels seen in this place.
 G = Mean time per level.
                   A        B        C        D        E       F      G
               +--------+--------+--------+--------+--------+-----+--------+
         Total |   7675 |   7438 |    237 |    988 |   5301 |   8 |  959.4 |
       Dungeon |   7494 |   7257 |    237 |    988 |   5189 |   7 | 1070.6 |
       Ossuary |    181 |    181 |      0 |      0 |    112 |   1 |  181.0 |
               +--------+--------+--------+--------+--------+-----+--------+

Top non-repeatable levels by time:
     D:6: 1874 daAuts
     D:5: 1835 daAuts
     D:4: 1239 daAuts
     D:3: 1013 daAuts
     D:1: 884 daAuts
     D:2: 624 daAuts
 Ossuary: 181 daAuts
     D:7: 22 daAuts

Table legend:
 A = Kills in this place as a percentage of kills in entire the game.
 B = Kills by you in this place as a percentage of kills by you in the entire game.
 C = Kills by friends in this place as a percentage of kills by friends in the entire game.
 D = Other kills in this place as a percentage of other kills in the entire game.
 E = Experience gained in this place as a percentage of experience gained in the entire game.
 F = Experience gained in this place divided by the number of levels of this place that you have seen.
                   A       B       C       D       E      F
               +-------+-------+-------+-------+-------+----------------------
         Total | 100.0 | 100.0 |   N/A |   N/A | 100.0 | 483.6
       Dungeon |  89.4 |  89.4 |   N/A |   N/A |  99.1 | 547.7
       Ossuary |  10.6 |  10.6 |   N/A |   N/A |   0.9 |  35.0
               +-------+-------+-------+-------+-------+----------------------
